cohdb
Replays
Latest Replays
All Replays
Popular Replays
Top Player Replays
Match Explorer
How It Works
Community
CoH3 Stats
Reddit
Sign in to upload your games and track your stats! →
Sign in with Steam
Match 42691302
Unlisted
Match 42691302
Overview
Messages
Build Orders
End
Selects Airborne Battlegroup
Selects Pathfinders
Pathfinder Squad
Construct Barracks
1⁄4-ton 4x4 Truck
Riflemen Squad
M1 Mortar Team
Riflemen Squad
Infantry Support Center
Construct Weapon Support Center
Construct Medical Station
Selects Paratrooper Squad Paradrop
M3 Armored Personnel Carrier
Grenade Package
M1919 Machine Gun Team
M1918 Browning Automatic Rifles
Construct Motor Pool
Captain Retinue
M8 Greyhound Armored Car
Engineer Squad
Demolitions Package
Paratrooper Squad Paradrop
Selects Anti-tank Gun Team Paradrop
Anti-tank Gun Team Paradrop
Paratrooper Squad Paradrop
Construct Tank Depot
Anti-tank Gun Team Paradrop
бескрайняя плоть
WhyYouDoThis
skandrausis
Grand.G
0
0
Comments
sign in to comment!
No comments posted yet!